 Dungeon Crawl Stone Soup version 0.28.0 (webtiles) character file.

Game seed: 10039201072318905950

12205 Sanktem7 the Carver (level 11, 0/80 HPs)
             Began as a Minotaur Fighter on Feb 9, 2022.
             Was a High Priest of Okawaru.
             Killed from afar by a wretched star (11 damage)
             ... with a lance of force
             ... on level 3 of the Abyss.
             The game lasted 00:33:05 (10498 turns).

Sanktem7 the Carver (Minotaur Fighter)             Turns: 10498, Time: 00:33:05

Health: 0/80       AC: 24    Str: 22    XL:     11   Next: 59%
Magic:  11/11      EV: 12    Int:  5    God:    Okawaru [*****.]
Gold:   536        SH:  0    Dex: 11    Spells: 10/10 levels left

rFire   + . .      SeeInvis .   n - +7 scimitar (distort)
rCold   . . .      Faith    .   (no shield)
rNeg    . . .      Spirit   .   b - +3 plate armour {rF+}
rPois   .          Reflect  .   (helmet unavailable)
rElec   .          Harm     .   v - +1 cloak
rCorr   .          Rampage  .   t - +2 pair of gloves
Will    .....                   (no boots)
Stlth   ..........              k - amulet of regeneration
HPRegen 1.03/turn               g - ring of wizardry
MPRegen 0.12/turn               y - +4 ring of evasion

@: no status effects
A: horns 3, retaliatory headbutt, agile 1, [clumsy 2], [frail 2]
a: Renounce Religion, Heroism, Finesse, Duel


You were on level 3 of the Abyss.
You worshipped Okawaru.
Okawaru was extremely pleased with you.
You visited 3 branches of the dungeon, and saw 12 of its levels.
You visited the Abyss 1 time.
You also visited: Bailey.

You collected 536 gold pieces.

Inventory:

Hand Weapons
 n - a +7 scimitar of distortion (weapon)
 E - a +0 vorpal shortbow
Missiles
 B - 65 arrows
Armour
 b - a +3 plate armour of fire resistance (worn)
 m - the +0 buckler of the Hanged Man {+Inv SInv}
   (You found it in a bailey)

   SInv:      It lets you see invisible.
   +Inv:      It lets you turn invisible.
 r - a +2 scale mail of poison resistance
 t - a +2 pair of gloves (worn)
 v - a +1 cloak (worn)
Jewellery
 g - a ring of wizardry (left hand)
 k - an amulet of regeneration (around neck)
 u - a ring of wizardry
 y - a +4 ring of evasion (right hand)
 F - a ring of flight
Wands
 l - a wand of iceblast (9)
 o - a wand of polymorph (8)
 p - a wand of paralysis (23)
 s - a wand of mindburst (8)
Scrolls
 c - a scroll of enchant weapon
 i - 2 scrolls of amnesia
 j - 3 scrolls of fog
 w - 2 scrolls of enchant armour
 z - a scroll of magic mapping
Potions
 a - 2 potions of brilliance
 d - 4 potions of might
 e - 3 potions of attraction
 f - 3 potions of flight
 h - 3 potions of heal wounds
 q - 5 potions of mutation
 x - 2 potions of curing
 A - a potion of haste {unknown}
 C - a potion of lignification
 D - a potion of cancellation
 G - a potion of degeneration {unknown}


   Skills:
 * Level 10.6 Fighting
 * Level 14.6 Long Blades
 * Level 11.3 Armour
 + Level 3.6 Dodging
 - Level 3.0 Stealth
 + Level 5.7 Shields
 * Level 2.6 Invocations
 + Level 0.3 Evocations


You had 10 spell levels left.
You didn't know any spells.
Your spell library contained the following spells:

 Spells                   Type           Power      Damage    Failure   Level
 Blink                    Tloc           0%         N/A       98%         2
 Lesser Beckoning         Tloc           0%         N/A       99%         3
 Fulminant Prism          Conj/Hex       0%         3d6       100%        4
 Iskenderun's Mystic Bla  Conj/Tloc      0%         2d3       100%        4
 Passage of Golubria      Tloc           0%         N/A       100%        4
 Lee's Rapid Deconstruct  Erth           0%         3d5*      100%        5
 Manifold Assault         Tloc           0%         N/A       100%        5
 Silence                  Hex/Air        0%         N/A       100%        5
 Lehudib's Crystal Spear  Conj/Erth      0%         10d2      100%        8


Dungeon Overview and Level Annotations

Branches:
Dungeon (9/15)             Temple (1/1) D:5            Lair (2/6) D:9
 Bailey (visited)
  Swamp: Lair:2-4    Shoals: Lair:2-4     Snake: Lair:2-4    Spider: Lair:2-4
    Orc: D:9-12

Altars:
Ashenzari
Cheibriados
Dithmenos
Elyvilon
Fedhas
Gozag
Hepliaklqana
Kikubaaqudgha
Makhleb
Nemelex Xobeh
Okawaru
Qazlal
Ru
Trog
Uskayaw
Vehumet
Wu Jian
Xom
Yredelemnul
Zin
The Shining One

Shops:
D:4 [   D:6 *

Annotations:
D:8 3 runed translucent doors, BobtheApe's ghost, novice MiBe
D:9 2 transporters


Innate Abilities, Weirdness & Mutations

You have a pair of large horns on your head.
You reflexively headbutt those who attack you in melee.
You are agile. (Dex +2)
[You are very clumsy. (Dex -4)]
[You are very frail. (-20% HP)]


Message History

You slash the flying skull!
The flying skull is almost destroyed.
The flying skull barely misses you.
You closely miss the flying skull. Your headbutt misses the flying skull.
The flying skull is almost destroyed.
The flying skull hits you!
You miss the flying skull. You headbutt the flying skull.
You destroy the flying skull!
That felt strangely unrewarding.
A large abomination comes into view.
The large abomination completely misses you. x2
A wretched star comes into view.
You hit the large abomination. You headbutt the large abomination!
The large abomination is moderately damaged.
The large abomination blinks!
Unknown command.
You slash the wretched star!
Space warps around the wretched star.
The wretched star is lightly damaged.
You hit the wretched star but do no damage.
Space warps horribly around the wretched star!
The wretched star is moderately damaged.
The wretched star glows turbulently.
The lance of force hits you!!
You are knocked back by the lance of force.
You slam into the crystal wall!
You slash the large abomination!
Space warps around the large abomination.
The large abomination is heavily damaged.
You slash the large abomination!
Space warps horribly around the large abomination!
You destroy the large abomination!
That felt strangely unrewarding.
The wretched star glows turbulently.
The lance of force hits you!!
You are knocked back by the lance of force.
You slam into the crystal wall!
* * * LOW HITPOINT WARNING * * *
The wretched star glows turbulently.
The lance of force hits you!
You die...

. # . # ## .
##.## # #. .
....# . .
#..## ###.. #
. # #... #
..### #
#...##. .#..#
# #.##..####.#
#
#.#...#ยง..#.#
#..#..#.@### #
#.#...*#.# . .
#..#..#.## . .
# .##......##
..#
#...#.#.#.##
..# .....
##...#.#.##. #
##.
#..#........#
.......###...#
#..#.#.##
###....


You could see a wretched star.

Vanquished Creatures
  A two-headed ogre (D:8)
  3 death yaks (D:9)
  2 wretched stars (Abyss:3)
  A large abomination (Abyss:3)
  2 cane toads
  A komodo dragon (Lair:2)
  A gargoyle (Bailey)
  An efreet (D:8)
  A harpy zombie (Abyss:3)
  Prince Ribbit (D:6)
  4 flying skulls (Abyss:3)
  2 vampires (Bailey)
  2 wyverns
  A basilisk (Lair:1)
  17 yaks
  Grum (D:8)
  4 water moccasins
  A sky beast (D:7)
  A necrophage (D:7)
  2 ice beasts
  9 wolves
  2 ogres
  A centaur (D:7)
  A phantom (D:5)
  2 bullfrogs
  A wyvern zombie (D:6)
  3 gnoll sergeants
  8 scorpions
  A water moccasin skeleton (D:4)
  6 killer bees (D:8)
  7 vampire bats (Bailey)
  3 wights (D:7)
  4 howler monkeys (D:8)
  3 wolf zombies (Bailey)
  4 electric eels (D:8)
  A crimson imp (D:8)
  2 centaur zombies
  3 hounds
  A jelly (D:8)
  2 centaur skeletons
  2 orc priests
  2 bullfrog skeletons
  5 iguanas
  4 hell rats (D:9)
  2 orc wizards (D:9)
  2 killer bee zombies
  2 howler monkey skeletons (D:7)
  17 gnolls
  11 adders
  2 river rats (D:9)
  3 white imps
  An ufetubus (D:7)
  An adder skeleton (D:4)
  3 dart slugs
  11 orcs
  7 ball pythons
  10 bats
  5 endoplasms
  4 giant cockroaches
  8 goblins
  3 hobgoblins
  15 jackals
  4 quokkas
  3 frilled lizards (D:1)
  4 kobolds
  25 orc zombies (Bailey)
  4 rats
273 creatures vanquished.

Vanquished Creatures (others)
  A fungus (D:6)
  20 plants
21 creatures vanquished.

Grand Total: 294 creatures vanquished

Notes
Turn   | Place    | Note
-------+----------+-------------------------------------------
     0 | D:1      | Sanktem7 the Minotaur Fighter began the quest for the Orb.
     0 | D:1      | Reached XP level 1. HP: 19/19 MP: 0/0
   181 | D:1      | Found a faded altar of an unknown god.
   220 | D:1      | Reached XP level 2. HP: 6/27 MP: 1/1
   586 | D:1      | Reached skill level 1 in Stealth
   632 | D:1      | Reached XP level 3. HP: 30/33 MP: 2/2
  1512 | D:2      | Reached XP level 4. HP: 40/40 MP: 3/3
  1614 | D:3      | Reached skill level 3 in Long Blades
  1830 | D:3      | Reached skill level 1 in Dodging
  2299 | D:4      | Found Wicuxip's Antique Armour Boutique.
  2345 | D:4      | Noticed a scorpion
  2348 | D:4      | Killed a scorpion
  2349 | D:4      | Reached XP level 5. HP: 43/46 MP: 4/4
  2601 | D:4      | Reached skill level 4 in Long Blades
  2913 | D:5      | Entered Level 5 of the Dungeon
  2920 | D:5      | Reached XP level 6. HP: 50/53 MP: 5/5
  2944 | D:5      | Reached skill level 5 in Armour
  3286 | D:5      | Reached skill level 5 in Long Blades
  3497 | D:5      | Reached XP level 7. HP: 53/60 MP: 6/6
  3943 | D:5      | Found a hazy altar of Hepliaklqana.
  3983 | D:5      | Found a staircase to the Ecumenical Temple.
  4043 | Temple   | Entered the Ecumenical Temple
  4203 | Temple   | Became a worshipper of Warmaster Okawaru
  4369 | D:6      | Reached skill level 6 in Long Blades
  4523 | D:6      | Reached skill level 5 in Fighting
  4649 | D:6      | Noticed Prince Ribbit
  4662 | D:6      | Killed Prince Ribbit
  4663 | D:6      | Reached skill level 7 in Long Blades
  4807 | D:6      | Paralysed by an orc priest for 5 turns
  4817 | D:6      | Reached XP level 8. HP: 30/68 MP: 7/7
  5033 | D:6      | Found Cyloried's Gadget Gallery.
  5174 | D:6      | Reached * piety under Okawaru
  5966 | D:6      | Reached skill level 8 in Long Blades
  6416 | D:7      | Reached skill level 9 in Long Blades
  6717 | D:7      | Identified a scroll of acquirement
  6717 | D:7      | Acquired a +4 scimitar of distortion
  6802 | D:7      | Reached skill level 5 in Shields
  6802 | D:7      | Reached XP level 9. HP: 78/78 MP: 8/8
  6816 | D:7      | Reached ** piety under Okawaru
  6870 | D:7      | Found a radiant altar of Vehumet.
  7234 | D:8      | Reached skill level 10 in Long Blades
  7237 | D:8      | Found a runed translucent gate.
  7237 | D:8      | Found a runed translucent gate.
  7237 | D:8      | Found a runed translucent gate.
  7239 | D:8      | Noticed an efreet
  7244 | D:8      | Noticed Grum
  7248 | D:8      | Killed Grum
  7257 | D:8      | Killed an efreet
  7379 | D:8      | Noticed a two-headed ogre
  7380 | D:8      | Found a flagged portal.
  7399 | D:8      | Killed a two-headed ogre
  7399 | D:8      | Reached *** piety under Okawaru
  7400 | D:8      | Reached skill level 11 in Long Blades
  7528 | D:8      | Noticed BobtheApe's ghost (novice MiBe)
  7573 | Bailey   | Entered a bailey
  7635 | Bailey   | Reached XP level 10. HP: 88/88 MP: 9/9
  7637 | Bailey   | Reached **** piety under Okawaru
  7657 | Bailey   | Reached skill level 12 in Long Blades
  7734 | Bailey   | Noticed a gargoyle
  7745 | Bailey   | Killed a gargoyle
  7851 | Bailey   | Identified the +0 buckler of the Hanged Man {+Inv SInv}
  7985 | Bailey   | Gained mutation: You have a pair of large horns on your
                  | head. [potion of mutation]
  7985 | Bailey   | Gained mutation: You are agile. (Dex +2) [potion of
                  | mutation]
  8260 | D:8      | Reached skill level 13 in Long Blades
  8370 | D:8      | Found a burning altar of Makhleb.
  8755 | D:9      | Noticed a death yak
  8769 | D:9      | Noticed a death yak
  8770 | D:9      | Noticed a death yak
  8775 | D:9      | Killed a death yak
  8783 | D:9      | Killed a death yak
  8783 | D:9      | Reached ***** piety under Okawaru
  8784 | D:9      | Reached skill level 10 in Armour
  8787 | D:9      | Killed a death yak
  8789 | D:9      | Reached XP level 11. HP: 86/97 MP: 10/10
  8798 | D:9      | Found a staircase to the Lair.
  8835 | D:9      | Found a shimmering altar of Xom.
  8848 | D:9      | Found a transporter.
  8858 | D:9      | Found a transporter.
  8886 | D:9      | Found a broken altar of Ashenzari.
  9362 | Lair:1   | Entered Level 1 of the Lair of Beasts
  9370 | Lair:1   | Reached skill level 1 in Invocations
  9452 | Lair:1   | Reached skill level 14 in Long Blades
 10061 | Lair:1   | Reached skill level 10 in Fighting
 10197 | Lair:2   | Received a gift from Okawaru
 10342 | Lair:2   | Cast into level 3 of the Abyss (unwielding a weapon of
                  | distortion)
 10391 | Abyss:3  | Noticed a wretched star
 10404 | Abyss:3  | Noticed a wretched star
 10405 | Abyss:3  | Killed a wretched star
 10419 | Abyss:3  | Killed a wretched star
 10470 | Abyss:3  | Noticed a large abomination
 10486 | Abyss:3  | Noticed a wretched star
 10495 | Abyss:3  | Killed a large abomination
 10498 | Abyss:3  | Killed from afar by a wretched star

Illustrated notes

Levels and vault maps discovered:
D:1:      lightli_arrival_statue_moat, layout_basic,
          nicolae_ecumenical_snake_handling, moated_statue
D:2:      layout_basic, palyth_stone_intersect, kennysheep_nondescript
D:3:      layout_basic
D:4:      layout_loops_ring, serial_shops, nicolae_square_shop
D:5:      layout_basic, mainiacjoe_overflow_catwalk, temple_green
D:6:      old_forge, layout_loops_cross, nicolae_sextant, st_stairs_3,
          nicolae_shop_gadgets, uniq_prince_ribbit1
D:7:      layout_basic, fiery_altar_vehumet
D:8:      layout_rooms, makhleb_grotto_becter, gammafunk_ghost_icy,
          enter_bailey_5, minmay_misc_feat_four_crosses, minivault_1,
          kennysheep_another_room, serial_bayou_lake_a, uniq_grum
D:9:      gammafunk_steamed_eel, layout_long_grid, kennysheep_little_box,
          cheibrodos_ashenzari_chains, dpeg_lair_monsters
Temple:   nicolae_temple_elliptical
Lair:1:   layout_cave_pods, st_stairs_8
Lair:2:   layout_chaotic_city, disabler_island, lemuel_fruit_fields,
          lemuel_fruit_tree, uniq_harold
Abyss:3:  base: D:6, dshaligram_kb_abyss_rune_zappy_water_cross

Skill      XL: |  1  2  3  4  5  6  7  8  9 10 11 |
---------------+----------------------------------+-----
Armour         | 4 5 6 8 10 11 | 11.3
Stealth        | 1 2 3 |  3.0
Fighting       | 4 5 6 7 9 10 | 10.6
Shields        | 4 5 |  5.7
Long Blades    | 3 4 5 7 9 11 13 14 | 14.6
Dodging        | 1 2 3 |  3.6
Invocations    | 2 |  2.6
Evocations     | |  0.3

Action                   |  1- 3 |  4- 6 |  7- 9 | 10-12 || total
-------------------------+-------+-------+-------+-------++-------
Melee: Long sword        |    63 |   113 |   168 |       ||   344
       Headbutt          |     5 |    19 |    55 |    56 ||   135
       Scimitar          |       |       |    73 |   270 ||   343
Evoke: Wand              |       |       |     2 |       ||     2
  Use: Scroll            |       |     3 |    13 |     4 ||    20
       Potion            |       |       |     6 |     2 ||     8
 Stab: Sleeping          |       |       |     1 |       ||     1
Armor: Scale mail        |    31 |    50 |    75 |    13 ||   169
       Ring mail         |       |       |    26 |     4 ||    30
       Plate armour      |       |       |       |    91 ||    91
Dodge: Dodged            |    34 |    55 |   171 |   155 ||   415
Block: Buckler           |    17 |    25 |    42 |    47 ||   131
